Map: Magma Mines

Players

DukeNukem

  • Race: Zerg Zerg
  • League: Diamond

IIIIIIIIIIII

  • Race: Protoss Protoss
  • League: Diamond

Rome - Winner!

  • Race: Zerg Zerg

Tenonee - Winner!

  • Race: Zerg Zerg
  • League: Diamond

VOD

Have the link to the VOD?

Description

Time

  • Played on: July 26, 2016, 12:27 p.m.
  • Length: 12:46
Show
View Real Time Build Order
Export as new Build Order

DukeNukem Zerg 

Build Orders: Hatch First 

Get SALT Encoding   

  12  0:05  Drone  
  13  0:12  Overlord  
  13  0:22  Drone  
  14  0:33  Drone x2  
  16  0:38  Drone  
  17  0:55  Drone  
  18  1:00  Hatchery  
  18  1:04  Drone  
  18  1:16  Spawning Pool  
  17  1:21  Overlord  
  17  1:28  Extractor  
  17  1:32  Drone, Extractor  
  16  1:35  Drone  
  17  1:41  Drone  
  18  1:57  Drone  
  19  2:03  Drone  
  20  2:10  Queen  
  20  2:13  Drone  
  20  2:14  Drone  
  24  2:22  Queen  
  26  2:23  Drone  
  26  2:26  Drone  
  28  2:36  Roach Warren  
  27  2:41  Drone x2  
  29  2:50  Drone x2  
  31  2:54  Drone  
  32  3:00  Drone  
  33  3:07  Drone x2  
  35  3:16  Lair  
  35  3:21  Overlord x3  
  35  3:36  Hatchery  
  35  3:40  Drone x5  
  39  3:49  Extractor  
  39  3:51  Extractor  
  39  3:55  Drone x6  
  42  4:02  Roach  
  45  4:11  Roach x2  
  45  4:13  Queen  
  45  4:15  Overlord x3  
  45  4:17  Overseer  
  51  4:40  Roach x4  
  59  4:53  Roach x5  
  59  4:54  Roach  
  71  5:03  Roach x5  
  71  5:06  Glial Reconstitution  
  81  5:08  Burrow  
  81  5:10  Overlord x3  
  81  5:14  Overlord  
  81  5:21  Overlord  
  81  5:42  Roach x5  
  93  5:43  Roach x3  
  93  5:47  Roach x4  
  105  5:57  Roach  
  105  5:58  Roach x3  
  105  6:03  Drone  
  114  6:05  Drone  
  114  6:06  Hydralisk Den  
  114  6:07  Drone  
  115  6:12  Roach x2  
  119  6:22  Roach  
  119  6:24  Tunneling Claws  
  121  6:57  Hydralisk  
  121  7:09  Overlord x3  
  121  7:15  Hydralisk x3  
  115  7:21  Hydralisk  
  115  7:22  Hydralisk  
  121  7:27  Hydralisk x3  
  121  7:28  Overlord x3  
  121  7:31  Roach  
  121  7:32  Roach  
  121  7:34  Hydralisk x3  
  125  7:38  Hydralisk x3  
  125  7:39  Hydralisk  
  125  7:42  Hydralisk x4  
  129  7:44  Roach x10  
  129  7:51  Hydralisk x5  
  103  8:00  Hydralisk x3  
  109  8:06  Hydralisk x2  
  109  8:09  Hydralisk  
  109  8:10  Hydralisk  
  109  8:11  Hydralisk x2  
  101  8:25  Roach x2  
  101  8:26  Roach x2  
  103  8:33  Roach x3  
  109  8:39  Muscular Augments  
  109  8:43  Roach  
  109  8:47  Roach  
  113  8:53  Roach x2  
  117  8:57  Roach  
  117  8:59  Overseer  
  119  9:07  Roach x3  
  125  9:30  Roach x4  
  131  9:37  Roach  
  131  9:38  Roach x4  
  135  9:44  Roach  
  99  9:48  Roach x3  
  105  9:58  Roach x3  
  91  10:10  Hydralisk x3  
  87  10:22  Hydralisk x2  
  87  10:23  Hydralisk x3  
  87  10:27  Roach x15  
  87  10:28  Roach x4  
  95  10:32  Hydralisk x4  
  95  10:33  Hydralisk  
  95  10:37  Roach x18  
  95  10:45  Hydralisk x4  
  95  10:46  Hydralisk  
  93  10:50  Roach x17  
  99  10:58  Hydralisk x3  
  99  11:02  Roach x15  
  99  11:05  Hydralisk  
  95  11:14  Hydralisk, Roach x8  
  77  11:29  Roach x2  
  75  11:53  Hatchery  
  74  11:55  Overseer  
  74  12:17  Overseer  
Show
View Real Time Build Order
Export as new Build Order

IIIIIIIIIIII Protoss 

Build Orders: Oracle Opening, Mass Adepts 

Get SALT Encoding   

  12  0:01  Probe (Chrono Boost)  
  13  0:11  Probe (Chrono Boost)  
  14  0:20  Pylon  
  14  0:23  Probe (Chrono Boost)  
  15  0:38  Probe (Chrono Boost)  
  15  0:39  Gateway  
  16  0:49  Probe (Chrono Boost)  
  17  0:59  Probe (Chrono Boost), Pylon  
  18  1:09  Gateway  
  18  1:10  Probe (Chrono Boost)  
  19  1:13  Assimilator  
  19  1:20  Probe (Chrono Boost), Pylon  
  20  1:31  Probe (Chrono Boost)  
  21  1:38  Assimilator, Cybernetics Core  
  21  1:41  Probe (Chrono Boost)  
  22  1:52  Probe (Chrono Boost)  
  23  1:59  Pylon  
  23  2:02  Probe (Chrono Boost)  
  24  2:11  Pylon  
  24  2:12  Adept  
  24  2:13  Adept  
  28  2:21  Warp Gate  
  28  2:36  Probe (Chrono Boost)  
  29  2:39  Stargate  
  29  2:45  Adept  
  31  2:51  Adept  
  34  2:59  Probe (Chrono Boost)  
  34  3:11  Probe (Chrono Boost)  
  34  3:12  Adept  
  37  3:16  Adept  
  39  3:23  Probe (Chrono Boost)  
  40  3:27  Oracle  
  42  3:35  Probe (Chrono Boost)  
  42  3:47  Probe (Chrono Boost)  
  42  3:48  Adept x2  
  47  3:57  Probe (Chrono Boost)  
  42  4:08  Probe (Chrono Boost)  
  43  4:15  Adept x2  
  47  4:22  Probe (Chrono Boost)  
  40  4:33  Probe (Chrono Boost), Phoenix  
  40  4:45  Probe (Chrono Boost)  
  38  4:54  Stalker  
  38  4:56  Phoenix  
  38  4:57  Zealot  
  44  5:15  Probe (Chrono Boost)  
  44  5:16  Nexus  
  44  5:19  Phoenix  
  47  5:27  Pylon  
  47  5:31  Pylon  
  47  5:39  Probe (Chrono Boost)  
  46  5:43  Phoenix  
  49  5:50  Probe (Chrono Boost)  
  49  5:54  Pylon  
  49  6:03  Mothership Core (Chrono Boost)  
  51  6:05  Phoenix  
  53  6:23  Probe (Chrono Boost)  
  54  6:35  Probe (Chrono Boost)  
  55  6:44  Probe (Chrono Boost)  
  55  6:46  Stalker  
  55  6:47  Probe (Chrono Boost), Stalker  
  62  6:54  Probe (Chrono Boost)  
  62  6:59  Probe (Chrono Boost)  
  63  7:05  Probe (Chrono Boost), Phoenix  
  64  7:11  Probe (Chrono Boost)  
  64  7:15  Probe (Chrono Boost)  
  69  7:23  Probe (Chrono Boost)  
  69  7:26  Probe (Chrono Boost)  
  69  7:27  Adept x2, Phoenix  
  74  7:36  Probe x2 (Chrono Boost)  
  78  7:37  Pylon  
  54  8:28  Nexus, Phoenix  
  54  8:30  Probe (Chrono Boost)  
  54  8:31  Pylon  
  54  8:32  Probe (Chrono Boost)  
  58  8:35  Twilight Council  
  58  8:36  Forge  
  58  8:37  Forge  
  58  8:40  Gateway x2  
  58  8:41  Gateway  
  58  8:44  Gateway  
  58  8:49  Assimilator  
  58  8:51  Probe (Chrono Boost)  
  58  8:52  Assimilator  
  58  8:55  Pylon  
  59  9:33  Probe (Chrono Boost)  
  59  9:34  Probe (Chrono Boost)  
  59  9:50  Protoss Ground Weapons Level 1  
  55  9:53  Protoss Ground Armor Level 1  
  55  9:58  Stalker  
  55  9:59  Stalker  
  57  10:06  Templar Archives  
  57  10:12  Charge  
  58  10:22  Probe (Chrono Boost)  
  58  10:23  Zealot  
  58  10:24  Zealot x3, Phoenix  
  58  10:25  Zealot x2  
  72  10:33  Photon Cannon  
  72  10:34  Photon Cannon  
  72  10:35  Probe (Chrono Boost)  
  74  10:37  Probe (Chrono Boost)  
  74  10:38  Photon Cannon  
  74  10:39  Probe (Chrono Boost)  
  74  10:40  Pylon  
  73  10:46  Probe (Chrono Boost)  
  73  10:49  Probe (Chrono Boost)  
  42  11:14  Zealot x4  
  42  11:16  Zealot x2  
  50  11:53  High Templar x2  
  54  11:54  High Templar  
  54  11:55  High Templar  
  54  11:56  Zealot  
  54  11:57  Zealot  
  54  11:58  Archon  
  54  12:00  Archon  
  62  12:01  Phoenix  
  62  12:03  Nexus  
  62  12:05  Pylon  
  64  12:13  Assimilator  
  64  12:17  Assimilator  
  64  12:20  Pylon  
  64  12:22  Mothership Core (Chrono Boost)  
  66  12:29  Photon Cannon  
Show
View Real Time Build Order
Export as new Build Order

Rome Zerg - Winner!

Build Orders: Hatch First, Lurkers 

Get SALT Encoding   

  12  0:01  Drone  
  13  0:12  Overlord  
  13  0:18  Drone  
  14  0:23  Extractor  
  14  0:24  Drone  
  15  0:32  Drone  
  17  0:35  Drone  
  17  0:45  Drone  
  18  1:03  Extractor  
  17  1:04  Hatchery  
  16  1:11  Spawning Pool  
  16  1:16  Drone  
  16  1:21  Drone  
  17  1:35  Drone  
  17  1:39  Overlord  
  18  1:52  Drone  
  19  1:55  Drone  
  19  1:59  Queen  
  22  2:04  Metabolic Boost  
  22  2:16  Queen  
  22  2:20  Drone  
  22  2:22  Drone  
  26  2:24  Zergling x4  
  28  2:31  Baneling Nest  
  28  2:36  Drone  
  28  2:45  Drone  
  28  2:47  Drone  
  28  2:48  Overlord  
  30  2:52  Zergling x2  
  30  2:56  Zergling x2  
  31  3:14  Drone x2  
  30  3:25  Drone x2  
  31  3:27  Zergling x12  
  36  3:44  Zergling x4  
  37  3:49  Drone  
  37  3:50  Queen, Overlord  
  40  4:02  Roach Warren  
  38  4:04  Drone x2  
  39  4:10  Drone  
  39  4:11  Drone x2  
  39  4:12  Overlord  
  38  4:25  Drone  
  38  4:26  Drone  
  38  4:27  Queen  
  41  4:35  Overlord  
  41  4:40  Extractor  
  41  4:41  Drone x2  
  42  4:47  Drone, Overlord  
  43  4:55  Roach x4  
  51  5:04  Lair  
  51  5:07  Evolution Chamber, Extractor  
  51  5:11  Drone  
  51  5:12  Drone x2  
  51  5:13  Overlord  
  52  5:27  Roach x3  
  52  5:28  Roach  
  60  5:36  Drone  
  60  5:37  Drone  
  60  5:38  Spore Crawler  
  60  5:39  Hatchery  
  60  5:48  Zerg Missile Weapons Level 1  
  60  5:49  Drone x2  
  62  5:53  Drone x3  
  65  5:59  Roach  
  65  6:04  Overlord x2  
  67  6:07  Glial Reconstitution  
  67  6:20  Drone  
  67  6:23  Spore Crawler  
  67  6:25  Spore Crawler  
  66  6:27  Drone x3  
  69  6:34  Spore Crawler  
  69  6:35  Spore Crawler  
  67  6:44  Roach x6  
  79  6:55  Roach x3  
  79  6:57  Spore Crawler  
  84  7:04  Roach x4  
  91  7:23  Drone x3  
  91  7:24  Drone x3  
  91  7:29  Drone  
  98  7:31  Extractor  
  98  7:34  Overlord x3  
  98  7:36  Spore Crawler  
  94  7:38  Spore Crawler  
  85  7:46  Drone x2  
  81  8:06  Drone x3  
  81  8:07  Drone x2  
  81  8:08  Drone x2  
  81  8:10  Zerg Ground Armor Level 1  
  81  8:11  Hydralisk Den  
  86  8:15  Roach x6  
  70  8:34  Spore Crawler  
  69  8:35  Roach x7  
  83  8:44  Drone x2  
  83  8:48  Drone x3  
  88  9:01  Drone  
  88  9:02  Drone  
  90  9:03  Extractor  
  90  9:05  Muscular Augments, Extractor  
  90  9:09  Hydralisk  
  86  9:10  Hydralisk x6  
  86  9:14  Drone x2  
  100  9:33  Roach x9  
  116  9:42  Roach x4  
  96  9:50  Roach x3  
  102  9:59  Roach x5  
  110  10:07  Roach x3  
  110  10:13  Zerg Ground Armor Level 2  
  104  10:14  Queen  
  106  10:25  Lurker Den  
  106  10:30  Hydralisk x7  
  120  10:37  Drone x2  
  110  11:02  Hydralisk  
  110  11:03  Hydralisk x8  
  122  11:06  Overlord  
  122  11:08  Overlord  
  122  11:22  Hydralisk  
  114  11:26  Hydralisk  
  114  11:27  Hydralisk x7  
  126  11:37  Roach x4  
  134  11:54  Lurker  
  134  11:55  Lurker x3  
  138  12:07  Hatchery  
  137  12:11  Overlord  
  137  12:12  Overlord x4  
  137  12:17  Infestation Pit  
Show
View Real Time Build Order
Export as new Build Order

Tenonee Zerg - Winner!

Build Orders: Hatch First 

Get SALT Encoding   

  12  0:02  Drone  
  13  0:12  Drone  
  14  0:19  Overlord  
  14  0:27  Extractor  
  13  0:29  Extractor  
  13  0:30  Drone x2  
  16  0:39  Drone  
  17  0:47  Drone  
  18  0:58  Hatchery  
  17  1:05  Overlord  
  17  1:16  Drone  
  18  1:21  Drone  
  19  1:25  Spawning Pool  
  18  1:34  Drone  
  19  1:40  Drone  
  20  1:56  Drone  
  21  2:10  Extractor x2  
  21  2:13  Queen x2  
  23  2:17  Overlord  
  23  2:25  Roach Warren  
  22  2:30  Drone x4  
  26  2:46  Drone  
  26  2:47  Drone x2  
  29  2:54  Drone  
  29  2:55  Drone, Queen  
  33  2:59  Lair  
  33  3:03  Evolution Chamber  
  32  3:11  Drone x2  
  36  3:28  Roach x4  
  36  3:29  Roach  
  44  3:40  Overlord x2  
  44  3:56  Overlord x2  
  44  3:57  Glial Reconstitution  
  44  3:58  Queen  
  46  4:03  Drone  
  46  4:04  Drone x6  
  53  4:18  Roach x3  
  53  4:22  Overlord x2  
  56  4:49  Roach  
  56  4:50  Roach x6  
  68  4:55  Extractor x2  
  66  5:01  Drone x2  
  66  5:06  Zerg Ground Armor Level 1  
  68  5:12  Drone  
  68  5:13  Drone x2  
  71  5:14  Drone  
  71  5:18  Spore Crawler  
  71  5:20  Spore Crawler  
  70  5:31  Roach x5  
  80  5:50  Drone x3  
  80  5:52  Overlord x3  
  80  5:56  Ravager  
  84  6:02  Overlord  
  84  6:03  Overlord  
  84  6:06  Hatchery  
  83  6:25  Hydralisk Den  
  79  6:29  Evolution Chamber  
  79  6:31  Drone x3  
  81  6:38  Roach  
  81  6:39  Roach x6  
  95  6:56  Roach  
  95  6:57  Roach x5  
  95  6:59  Ravager x4  
  107  7:13  Overlord x3  
  107  7:16  Muscular Augments  
  107  7:27  Overlord x3  
  95  7:49  Hatchery  
  74  8:05  Zerg Ground Armor Level 2  
  72  8:06  Zerg Missile Weapons Level 1  
  52  8:14  Roach x4  
  52  8:15  Roach x5  
  58  8:37  Hydralisk  
  58  8:38  Hydralisk x2, Roach x3  
  70  8:42  Queen x2  
  74  8:57  Extractor x2  
  74  8:58  Drone x2  
  74  8:59  Drone x7  
  74  9:00  Drone  
  82  9:07  Ravager  
  82  9:08  Ravager x3  
  76  9:31  Hydralisk x2  
  76  9:32  Hydralisk, Roach x3  
  76  9:33  Roach  
  70  9:49  Hydralisk  
  70  9:50  Roach x2  
  69  10:05  Hydralisk, Roach  
  69  10:06  Roach  
  75  10:18  Hydralisk  
  75  10:19  Roach  
  79  10:28  Drone x3  
  82  10:56  Hydralisk x4  
  82  11:12  Overseer x2  
  82  11:13  Overseer  
  82  11:45  Spire  
  81  11:55  Drone x4  
  81  11:58  Hatchery  
  84  12:07  Infestation Pit  
Tags
 
Add a new tag
Caveats
  • Supply blocks, unpowered buildings, or Contaminate may cause inaccurate times.
  • Supply counts are checked every 10 seconds.